 Dungeon Crawl Stone Soup version 0.18-a0-1778-gadce9fa (webtiles) character file.

233625 nubinia the Eclecticist (level 19, -3/103 HPs)
             Began as a Gargoyle Venom Mage on Apr 12, 2016.
             Was the Champion of Sif Muna.
             Slain by a merfolk impaler
             ... wielding a +2 trident of freezing
              (10 damage)
             ... on level 4 of the Shoals on Apr 16, 2016.
             The game lasted 12:04:50 (44212 turns).

nubinia the Eclecticist (Gargoyle Venom Mage)      Turns: 44212, Time: 12:04:51

Health: -3/103     AC: 42    Str: 19    XL:     19   Next: 57%
Magic:  0/40       EV: 18    Int: 26    God:    Sif Muna [******]
Gold:   3247       SH:  9    Dex: 19    Spells: 17 memorised, 4 levels left

rFire  + . .     SeeInvis .     a - +4 morningstar (protect)
rCold  + + +     Gourm    .     d - +0 leather armour of the Pleiades {rElec rC+ Str+3 Int+3}
rNeg   + . .     Faith    .     v - +3 buckler {AC+3}
rPois  ∞         Spirit   +     B - +2 helmet
rElec  +         Dismiss  .     Y - +2 cloak {+Inv}
rCorr  +         Reflect  .     S - +2 pair of gloves of Vlad {*Drain +Inv rPois Str+4 Dex+3}
SustAt .         Harm     .     O - +1 pair of boots
MR     ++...     Rnd*Rage +     g - amulet of guardian spirit
Stlth  +++.......               q - +3 ring of slaying
                                p - +5 ring of protection

@: agile, resistant, very resistant to hostile enchantments, fairly stealthy
A: big wings, berserk 1, clever 1, clumsy 1, cold resistance 1, magic resistance
1, negative energy resistance 1, electricity resistance, wild magic 1,
unbreathing, petrification resistance, rot immunity, AC +13
a: Fly, Channel Energy, Forget Spell, Renounce Religion, Evoke Invisibility
}: 1/15 runes: gossamer


You were on level 4 of the Shoals.
You worshipped Sif Muna.
Sif Muna was exalted by your worship.
You were not hungry.

You visited 7 branches of the dungeon, and saw 31 of its levels.
You also visited: Ice Cave.

You collected 3341 gold pieces.
You spent 94 gold pieces at shops.

Inventory:

Hand Weapons
 a - a +4 morningstar of protection (weapon)
 b - the +7 hunting sling of Guilt {flame, Str+5}
   (You found it on level 4 of the Dungeon)

   It causes projectiles fired from it to burn those they strike, causing extra
   injury to most foes and up to half again as much damage against particularly
   susceptible opponents.
   It affects your strength (+5).
Missiles
 s - 683 stones (quivered)
 x - 180 sling bullets
Armour
 d - the +0 leather armour of the Pleiades (worn) {rElec rC+ Str+3 Int+3}
   (You found it on level 8 of the Lair of Beasts)

   It affects your strength (+3).
   It affects your intelligence (+3).
   It protects you from cold.
   It insulates you from electricity.
 v - a +3 buckler of protection (worn)
 B - a +2 helmet (worn)
 O - a +1 pair of boots (worn)
 S - the +2 pair of gloves of Vlad (worn) {*Drain +Inv rPois Str+4 Dex+3}
   (You acquired it on level 3 of the Spider Nest)

   It affects your strength (+4).
   It affects your dexterity (+3).
   It protects you from poison.
   It lets you turn invisible.
   It causes draining when unequipped.
 T - the +3 warlock's mirror {reflect}
   (You acquired it on level 4 of the Lair of Beasts)
 Y - a +2 cloak of invisibility (worn)
Jewellery
 g - an amulet of guardian spirit (around neck)
 j - an uncursed ring of see invisible
 p - a +5 ring of protection (left hand)
 q - a +3 ring of slaying (right hand)
 I - an uncursed ring of protection from fire
 V - an uncursed ring of magical power
Wands
 i - a wand of disintegration (10/24)
 k - a wand of digging (8/24)
 E - a wand of iceblast (0/15)
 K - a wand of acid (1/15)
 U - a wand of iceblast (13/15)
 X - a wand of iceblast (5/15)
Scrolls
 e - 4 scrolls of identify
 r - 2 scrolls of magic mapping
 y - 3 scrolls of remove curse
 P - 4 scrolls of recharging
Potions
 l - 2 potions of cure mutation
 m - 6 potions of curing
 n - 5 potions of resistance
 o - a potion of brilliance
 t - 2 potions of haste
 u - 7 potions of might
 N - 2 potions of heal wounds
 Q - a potion of magic
Miscellaneous
 z - a stone of tremors (inert)
 D - a phial of floods
 G - a sack of spiders
 L - a sack of spiders {used: 11}
Comestibles
 W - 11 bread rations


   Skills:
 + Level 6.0 Fighting
 + Level 6.4 Maces & Flails
 - Level 9.4 Slings
 + Level 1.0(6.0) Throwing
 + Level 5.2 Armour
 - Level 3.0 Dodging
 + Level 6.4 Stealth
 + Level 7.1 Shields
 * Level 17.7 Spellcasting
 * Level 14.6 Conjurations
 + Level 0.1 Charms
 + Level 5.4 Necromancy
 + Level 3.0 Translocations
 + Level 1.2 Fire Magic
 + Level 2.6 Ice Magic
 + Level 4.4 Air Magic
 * Level 14.2 Earth Magic
 - Level 8.9 Poison Magic
 - Level 10.0 Invocations
 + Level 1.1 Evocations


You had 4 spell levels left.
You knew the following spells:

 Your Spells              Type           Power        Failure   Level  Hunger
a - Sting                 Conj/Pois      ####         1%          1    None
b - Throw Frost           Conj/Ice       ######       1%          2    None
c - Mephitic Cloud        Conj/Pois/Air  #######.     1%          3    None
d - Bolt of Draining      Conj/Necr      #######...   2%          5    None
e - Olgreb's Toxic Radia  Pois           ######..     1%          4    None
f - Force Lance           Conj/Tloc      ######..     1%          4    None
g - Passwall              Trmt/Erth      ######....   1%          2    None
h - Sandblast             Erth           ######       1%          1    None
i - Iskenderun's Mystic   Conj           #######.     1%          4    None
j - Throw Flame           Conj/Fire      ######       1%          2    None
k - Dazzling Spray        Conj/Hex       ######..     1%          3    None
l - Lee's Rapid Deconstr  Erth           #######...   1%          5    None
s - Sticky Flame          Conj/Fire      ######..     1%          4    None
A - Apportation           Tloc           ######....   1%          1    None
D - Animate Dead          Necr           N/A          4%          4    None
R - Regeneration          Chrm/Necr      #####.....   4%          3    None
S - Animate Skeleton      Necr           N/A          1%          1    None


Dungeon Overview and Level Annotations

Branches:
Dungeon (9/15)             Temple (1/1) D:5            Lair (8/8) D:8
 Shoals (4/4) Lair:6       Spider (4/4) Lair:4        Slime (0/6) Lair:8
    Orc (2/2) D:9             Elf (3/3) Orc:2

Altars:
Ashenzari
Cheibriados
Dithmenos
Elyvilon
Fedhas
Gozag
Kikubaaqudgha
Makhleb
Nemelex Xobeh
Okawaru
Pakellas
Qazlal
Ru
Sif Muna
Trog
Vehumet
Xom
Yredelemnul
Zin
The Shining One
Beogh
Jiyva

Shops:
Orc:2 =!(}*   Elf:3 [

Annotations:
Lair:4 force lance!
Lair:5 M4edhros's ghost, journeyman OgWn
Shoals:4 Ilsuiw


Innate Abilities, Weirdness & Mutations

You are resistant to torment.
Your stone body is resilient (AC +13).
You are immune to poison.
Your large and strong wings let you fly indefinitely.
You resist negative energy.
You are resistant to electric shocks.
You can survive without breathing.
You are immune to petrification.
You are immune to rotting.
You tend to lose your temper in combat.
Your mind is acute. (Int +2)
You are clumsy. (Dex -2)
Your flesh is cold resistant.
You are resistant to hostile enchantments.
Your spells are a little harder to cast, but a little more powerful.


Message History

You reflect the frost giant with the mirror, and the mirror shatters!
The frost giant burns!
Your frost giant burns!
You block the satyr's attack. The merfolk impaler closely misses you.
Unknown command.
Evoke which item? (* to show all) (? for menu, Esc to quit)
You reach into the bag... ...and things crawl out!
The frost giant tears through a web.
The satyr is caught in a web!
The frost giant burns!
Your frost giant burns!
Your frost giant hits the satyr with a battleaxe of freezing!
Your frost giant freezes the satyr.
Your frost giant hits the frost giant with a battleaxe of freezing.
The frost giant hits you with a battleaxe of freezing!
* * * LOW HITPOINT WARNING * * *
The frost giant hits your soldier ant with a battleaxe of freezing!
The frost giant freezes your soldier ant.
The frost giant hits your frost giant with a battleaxe of freezing!
The merfolk impaler hits you from afar with a trident of freezing!
You die...

#≈≈≈≈≈≈≈≈≈≈≈≈≈≈≈≈≈≈≈≈≈≈≈≈≈≈≈
#≈≈≈≈≈≈≈≈≈≈≈≈≈≈≈≈≈≈≈≈≈≈(≈≈≈≈
#≈≈≈≈≈≈≈≈≈≈≈≈≈≈≈≈≈≈≈≈≈(≈≈≈≈≈
#≈≈≈≈≈≈≈≈≈≈≈≈≈≈≈≈≈≈≈≈≈≈≈≈≈≈≈
#≈≈≈≈≈≈≈≈≈≈≈≈≈≈≈≈≈(≈(≈(...≈≈
#≈≈≈≈≈≈≈≈≈≈≈.≈≈≈((≈≈≈≈≈..(≈≈
#≈≈≈≈≈≈≈≈≈≈≈....(..≈.≈≈.[.≈≈
#≈≈≈≈≈≈≈≈≈≈≈...(....≈≈≈..(mm
#≈≈≈≈≈≈≈≈≈a@.m......≈≈≈.....
#≈≈≈≈≈≈≈≈a≈C.............#.≈
#≈≈≈≈≈≈≈≈≈Cc.........m..(#.≈
#≈≈≈≈≈≈≈≈≈≈....m.(........≈.
#≈≈≈≈≈≈≈≈≈≈.(()^..(......<(.
#≈≈≈≈≈≈≈≈≈≈≈(..(..)....≈≈...
#≈≈≈≈≈≈≈≈≈≈≈)......).≈≈≈≈...
#≈≈≈≈≈≈≈≈≈≈a.......≈(≈≈≈≈...
#≈≈≈≈≈≈≈≈≈≈.......≈≈≈≈≈≈..C.


You could see a frost giant (burning), a merfolk avatar, a merfolk impaler, a
satyr (webbed), a friendly frost giant (burning) and 3 friendly soldier ants.

Vanquished Creatures
  Rupert (Lair:7)
  A kraken (Shoals:2)
  Kirke (Shoals:2)
  2 frost giants
  2 ghost moths
  An emperor scorpion (Spider:3)
  A deep elf demonologist (Elf:1)
  A deep elf annihilator (Elf:1)
  Nessos (Lair:6)
  2 spark wasps (Spider:4)
  Snorg (Orc:2)
  An ettin (Orc:2)
  2 merfolk javelineers (Shoals:4)
  2 merfolk impalers
  Josephine (Lair:7)
  3 entropy weavers
  7 hydras
  A catoblepas (Lair:8)
  2 alligator snapping turtles
  A merfolk avatar (Shoals:1)
  26 dancing weapons
  3 merfolk aquamancers
  2 satyrs
  3 death yaks (Lair:8)
  Urug (Lair:4)
  A deep troll shaman (Lair:8)
  18 deep elf knights
  A spectral emperor scorpion (Spider:4)
  4 death scarabs (Spider:4)
  3 sea snakes
  12 deep elf archers
  An unseen horror (shapeshifter) (Elf:2)
  7 orc knights
  A spectral wolf spider (Spider:4)
  11 harpies
  18 orb spiders
  8 fauns
  56 deep elf magi
  9 manticores
  9 griffons
  30 wolf spiders
  5 hornets
  2 moths of wrath
  A cyclops (Shoals:2)
  9 elephants
  An ice statue (IceCv)
  8 sirens
  Joseph (Lair:1)
  5 water nymphs
  4 black mambas
  17 spiny frogs
  4 torpor snails
  11 komodo dragons
  2 redback zombies (Spider:4)
  5 rime drakes
  2 spectral redbacks (Spider:4)
  11 demonic crawlers
  2 trolls
  33 jumping spiders
  13 polar bears
  30 merfolk
  3 two-headed ogres
  A wind drake (Shoals:4)
  4 spectral jumping spiders (Spider:4)
  2 spectral tarantellas (Spider:4)
  6 snapping turtles
  14 blink frogs
  3 boulder beetles
  42 redbacks
  A spriggan (D:7)
  2 air elementals (Elf:2)
  27 tarantellas
  Sigmund (D:6)
  4 water elementals
  47 yaks
  A fire elemental (Elf:2)
  2 wraiths
  3 hogs (Shoals:2)
  4 hungry ghosts
  5 basilisks
  11 hippogriffs
  2 wargs (Orc:2)
  21 water moccasins
  6 porcupines
  2 soldier ants (Spider:4)
  9 ice beasts
  A necrophage (D:9)
  27 orc warriors
  3 sky beasts
  2 black bears
  6 phantoms
  14 ogres
  33 wolves
  5 centaurs
  13 crocodiles
  16 giant frogs
  A gnoll sergeant (Orc:1)
  An earth elemental (Elf:2)
  3 scorpions
  A water moccasin skeleton (D:4)
  10 killer bees (D:9)
  3 howler monkeys
  5 wights
  2 electric eels
  4 crimson imps
  2 centaur zombies
  3 jellies
  10 orc priests
  3 centaur skeletons
  5 hounds
  14 orc wizards
  3 giant frog skeletons
  7 iguanas
  Natasha (thrice) (D:2)
  11 worker ants
  43 sheep
  A hound zombie (D:8)
  2 hound skeletons
  A worker ant zombie (D:6)
  2 howler monkey skeletons
  17 adders
  10 gnolls
  86 river rats
  3 shadow imps
  An ooze (D:2)
  4 adder skeletons
  A worm (D:2)
  6 dart slugs
  8 giant geckos
  57 orcs
  13 bats
  2 giant cockroaches
  10 hobgoblins
  15 jackals
  5 quokkas
  A giant cockroach zombie (D:5)
  4 giant newts
  9 goblins
  A jackal zombie (D:9)
  11 kobolds
  A quokka skeleton (D:4)
  A quokka zombie (D:8)
  13 rats
  5 fungi
  4 plants
  A tentacle (Shoals:2)
1196 creatures vanquished.

Vanquished Creatures (collateral kills)
  Nikola (Spider:4)
  A deep elf blademaster (Elf:2)
  Agnes (Spider:2)
  Roxanne (Shoals:3)
  4 emperor scorpions
  A spark wasp (Spider:4)
  3 merfolk impalers
  A merfolk javelineer (Shoals:1)
  A hydra (Lair:8)
  2 merfolk aquamancers
  2 merfolk avatars (Shoals:3)
  A satyr (Shoals:4)
  2 alligator snapping turtles (Shoals:3)
  A death yak (Lair:8)
  A queen ant (Spider:4)
  A deep elf knight (Orc:2)
  2 fire crabs (Shoals:3)
  4 death scarabs (Spider:4)
  4 sea snakes
  8 harpies
  A deep elf archer (Elf:1)
  7 orb spiders
  A spectral wolf spider (Spider:4)
  A wolf spider zombie (Spider:4)
  2 deep elf magi (Orc:2)
  2 griffons
  7 fauns
  5 wolf spiders
  A cyclops (Shoals:4)
  2 manticores
  Maurice (Orc:1)
  2 moths of wrath (Spider:4)
  A water nymph (Shoals:4)
  2 sirens
  A torpor snail (Spider:2)
  2 redback zombies (Spider:4)
  3 demonic crawlers
  A spectral redback (Spider:4)
  12 jumping spiders
  17 merfolk
  A wind drake (Lair:6)
  A spectral jumping spider (Spider:4)
  A boulder beetle (Spider:1)
  2 tarantella zombies (Spider:4)
  A blink frog (Lair:8)
  2 snapping turtles
  20 redbacks
  2 water elementals
  12 tarantellas
  A fire bat (Shoals:3)
  4 hogs (Shoals:2)
  3 yaks (Lair:8)
  A hippogriff (Shoals:3)
  A soldier ant (Spider:4)
  A water moccasin (D:9)
  A swamp drake (D:9)
  4 orc warriors
  A necrophage (D:9)
  An ogre (Orc:1)
  A giant frog (D:9)
  2 wights (D:9)
  An electric eel (Spider:1)
  An orc priest (D:9)
  2 worker ants (Spider:4)
  3 sheep (Shoals:4)
  An orc (Orc:2)
  A fungus (Lair:8)
  3 plants
188 creatures vanquished.

Vanquished Creatures (others)
  2 deep elf archers
  A deep elf mage (Elf:2)
  A kobold (D:3)
  32 fungi
  31 plants
  19 tentacles (Shoals:2)
  609 tentacle segments (Shoals:2)
695 creatures vanquished.

Grand Total: 2079 creatures vanquished

Notes
Turn   | Place    | Note
--------------------------------------------------------------
     0 | D:1      | nubinia the Gargoyle Venom Mage began the quest for the Orb.
     0 | D:1      | Reached XP level 1. HP: 10/10 MP: 3/3
   364 | D:1      | Reached XP level 2. HP: 15/15 MP: 3/5
  1013 | D:1      | Reached XP level 3. HP: 19/19 MP: 0/6
  1018 | D:1      | Learned a level 3 spell: Mephitic Cloud
  1295 | D:1      | Reached skill level 1 in Conjurations
  1699 | D:2      | Noticed Natasha
  1708 | D:2      | Killed Natasha
  1708 | D:2      | Reached XP level 4. HP: 16/24 MP: 1/7
  1835 | D:2      | Noticed Natasha
  1992 | D:2      | Killed Natasha
  2213 | D:2      | Reached XP level 5. HP: 28/28 MP: 5/8
  2538 | D:2      | Noticed Natasha
  2548 | D:2      | Killed Natasha
  3494 | D:4      | Reached XP level 6. HP: 33/33 MP: 4/10
  3549 | D:4      | Reached skill level 3 in Spellcasting
  3634 | D:4      | Got an ebony hunting sling
  3635 | D:4      | Identified the +7 hunting sling of Guilt {flame, Str+5} (You found it on level 4 of the Dungeon)
  4212 | D:4      | Reached skill level 5 in Poison Magic
  4313 | D:4      | Reached skill level 1 in Slings
  4318 | D:4      | Noticed a phantom
  4326 | D:4      | Killed a phantom
  4326 | D:4      | Reached XP level 7. HP: 28/37 MP: 6/12
  4525 | D:4      | Reached skill level 1 in Fighting
  4700 | D:4      | Learned a level 1 spell: Apportation
  5157 | D:5      | Entered Level 5 of the Dungeon
  5334 | D:5      | Found Muofiax's Antique Weapon Boutique.
  5554 | D:5      | Reached XP level 8. HP: 41/44 MP: 11/13
  5730 | D:5      | Reached skill level 1 in Maces & Flails
  5733 | D:5      | Reached skill level 5 in Conjurations
  6108 | D:5      | Found a staircase to the Ecumenical Temple.
  6117 | Temple   | Entered the Ecumenical Temple
  6196 | D:5      | Reached skill level 1 in Armour
  6277 | D:6      | Noticed Sigmund
  6308 | D:6      | Killed Sigmund
  6308 | D:6      | Reached skill level 4 in Spellcasting
  6404 | D:6      | Reached skill level 1 in Air Magic
  6680 | D:6      | Reached XP level 9. HP: 49/49 MP: 13/15
  6909 | D:6      | Identified Sotuck's Papyrus of the Frostbite and Enchantment
  6914 | D:6      | Learned a level 2 spell: Throw Frost
  7282 | D:6      | Upgraded the game from 0.18-a0-1748-g7377c14 to 0.18-a0-1764-gf4ddf0b
  7767 | D:7      | Found a shattered altar of Ashenzari.
  8065 | D:7      | Reached skill level 5 in Slings
  8429 | D:8      | Found a staircase to the Lair.
  8440 | D:8      | Learned a level 4 spell: Olgreb's Toxic Radiance
  8478 | D:8      | Reached XP level 10. HP: 51/56 MP: 6/17
  8492 | D:8      | Reached skill level 5 in Spellcasting
  9071 | D:8      | Gained mutation: You tend to lose your temper in combat. [mutagenic meat]
  9080 | D:8      | Gained mutation: Your flesh is cold resistant. [mutagenic meat]
  9491 | D:8      | Found a deep blue altar of Sif Muna.
  9499 | D:8      | Became a worshipper of Sif Muna the Loreminder
  9609 | D:8      | Identified Sif Muna's Catalogue of Earthen Black Rituals (You found it on level 8 of the Dungeon)
  9612 | D:8      | Learned a level 1 spell: Sandblast
  9716 | D:9      | Gained mutation: You are clumsy. (Dex -2) [mutagenic meat]
  9717 | D:9      | Gained mutation: Your spells are a little harder to cast, but a little more powerful. [mutagenic meat]
  9829 | Lair:1   | Entered Level 1 of the Lair of Beasts
  9863 | Lair:1   | Reached skill level 1 in Earth Magic
  9889 | Lair:1   | Found a frozen archway.
 10021 | IceCv    | Entered an ice cave
 10028 | IceCv    | Reached skill level 6 in Spellcasting
 10073 | IceCv    | Reached * piety under Sif Muna
 10078 | IceCv    | Reached XP level 11. HP: 51/62 MP: 1/20
 10091 | IceCv    | Reached skill level 5 in Stealth
 10276 | IceCv    | Gained mutation: Your mind is acute. (Int +2) [potion of beneficial mutation]
 10373 | IceCv    | Reached skill level 1 in Invocations
 10691 | IceCv    | Noticed a frost giant
 10765 | IceCv    | Killed a frost giant
 10765 | IceCv    | Reached ** piety under Sif Muna
 10996 | IceCv    | Reached skill level 7 in Spellcasting
 11495 | Lair:1   | Noticed Joseph
 11536 | Lair:1   | Killed Joseph
 11763 | Lair:1   | Reached skill level 5 in Earth Magic
 11967 | Lair:1   | Reached XP level 12. HP: 59/67 MP: 14/22
 12015 | Lair:2   | Reached skill level 1 in Shields
 13062 | Lair:3   | Reached *** piety under Sif Muna
 14006 | Lair:4   | Noticed Urug
 14026 | Lair:4   | Killed Urug
 14026 | Lair:4   | Reached skill level 8 in Spellcasting
 14026 | Lair:4   | Reached skill level 1 in Ice Magic
 14169 | Lair:4   | Reached skill level 5 in Fighting
 14261 | Lair:4   | Found a hole to the Spider Nest.
 14283 | Lair:4   | Identified a scroll of acquirement
 15030 | Lair:5   | Reached **** piety under Sif Muna
 15051 | Lair:5   | Reached skill level 5 in Maces & Flails
 15119 | Lair:5   | Noticed M4edhros's ghost (journeyman OgWn)
 15521 | Lair:5   | Reached XP level 13. HP: 64/72 MP: 15/25
 16262 | Lair:6   | Reached ***** piety under Sif Muna
 16435 | Lair:6   | Found a staircase to the Shoals.
 16689 | Lair:6   | Noticed Nessos
 17015 | Lair:6   | Killed Nessos
 17015 | Lair:6   | Reached skill level 9 in Spellcasting
 17015 | Lair:6   | Reached skill level 10 in Conjurations
 17225 | Lair:7   | Noticed Rupert
 17240 | Lair:7   | Paralysed by Rupert for 7 turns
 17255 | Lair:7   | Killed Rupert
 17270 | Lair:7   | Reached skill level 5 in Shields
 17706 | Lair:7   | Reached skill level 5 in Invocations
 17879 | Lair:7   | Noticed Josephine
 18081 | Lair:7   | Killed Josephine
 18605 | Lair:7   | Reached ****** piety under Sif Muna
 18607 | Lair:7   | Received a gift from Sif Muna
 18608 | Lair:7   | Identified Sif Muna's Handbook of Summoning (Sif Muna gifted it to you on level 7 of the Lair of Beasts)
 18910 | Lair:8   | Entered Level 8 of the Lair of Beasts
 19051 | Lair:8   | Gained mutation: Your large and strong wings let you fly indefinitely. [Gargoyle growth]
 19051 | Lair:8   | Reached XP level 14. HP: 70/78 MP: 17/27
 19411 | D:5      | Found a basalt altar of Yredelemnul.
 20005 | Lair:8   | Upgraded the game from 0.18-a0-1764-gf4ddf0b to 0.18-a0-1773-gec4f98e
 20046 | Lair:7   | Reached skill level 10 in Spellcasting
 20525 | Lair:8   | Found a sacrificial altar of Ru.
 20723 | Lair:8   | Found a viscous altar of Jiyva.
 20732 | Lair:8   | Found a staircase to the Slime Pits.
 20975 | Lair:8   | Learned a level 1 spell: Animate Skeleton
 21639 | Lair:8   | Reached skill level 1 in Necromancy
 22011 | Lair:8   | Received a gift from Sif Muna
 22012 | Lair:8   | Identified Sif Muna's Grimoire of Freezing Stones (Sif Muna gifted it to you on level 8 of the Lair of Beasts)
 22016 | Lair:8   | Learned a level 2 spell: Passwall
 22022 | Lair:8   | Learned a level 5 spell: Lee's Rapid Deconstruction
 22303 | Lair:8   | Reached skill level 11 in Spellcasting
 22318 | Lair:8   | Got a jewelled leather armour
 22329 | Lair:8   | Identified the +0 leather armour of the Pleiades {rElec rC+ Str+3 Int+3} (You found it on level 8 of the Lair of Beasts)
 23018 | D:9      | Found a burning altar of Makhleb.
 23077 | D:9      | Found a shattered altar of Ashenzari.
 23100 | D:9      | Found a sparkling altar of Nemelex Xobeh.
 23170 | D:9      | Found a bloodstained altar of Trog.
 23173 | D:9      | Found a sacrificial altar of Ru.
 23174 | D:9      | Found a glowing silver altar of Zin.
 23174 | D:9      | Found a blossoming altar of Fedhas.
 23176 | D:9      | Found a snail-covered altar of Cheibriados.
 23177 | D:9      | Found a radiant altar of Vehumet.
 23179 | D:9      | Found a shadowy altar of Dithmenos.
 23585 | D:9      | Found a staircase to the Orcish Mines.
 23747 | D:9      | Found an iron altar of Okawaru.
 23821 | D:9      | Learned a level 4 spell: Animate Dead
 24273 | Orc:1    | Entered Level 1 of the Orcish Mines
 24276 | Orc:1    | Noticed Maurice
 24300 | Orc:1    | Killed Maurice
 24439 | Orc:2    | Entered Level 2 of the Orcish Mines
 24528 | Orc:2    | Found a roughly hewn altar of Beogh.
 24617 | Orc:2    | Reached skill level 10 in Earth Magic
 24625 | Orc:2    | Reached XP level 15. HP: 75/82 MP: 18/30
 24686 | Orc:2    | Found Yzijiof's Weapon Emporium.
 24686 | Orc:2    | Found Iketips's Gadget Shop.
 24768 | Orc:2    | Found a roughly hewn altar of Beogh.
 24975 | Orc:2    | Found a roughly hewn altar of Beogh.
 25030 | Orc:2    | Noticed Snorg
 25040 | Orc:2    | Killed Snorg
 25065 | Orc:2    | Found a staircase to the Elven Halls.
 25102 | Orc:2    | Found Rafa's Jewellery Emporium.
 25102 | Orc:2    | Found Werero's Distillery.
 25255 | Orc:2    | Found a roughly hewn altar of Beogh.
 25343 | Orc:2    | Found Holu's General Store.
 25525 | Orc:2    | Received a gift from Sif Muna
 25526 | Orc:2    | Identified Sif Muna's Collected Works on Boosting Clay (Sif Muna gifted it to you on level 2 of the Orcish Mines)
 25654 | Orc:1    | Found a roughly hewn altar of Beogh.
 26193 | Shoals:1 | Entered Level 1 of the Shoals
 26318 | Shoals:1 | Reached skill level 1 in Throwing
 26323 | Shoals:1 | Reached skill level 12 in Spellcasting
 26941 | Shoals:1 | Learned a level 3 spell: Regeneration
 27349 | Shoals:1 | Upgraded the game from 0.18-a0-1773-gec4f98e to 0.18-a0-1774-gce1f7b6
 27399 | Shoals:2 | Reached skill level 1 in Evocations
 27690 | Shoals:2 | Noticed Kirke
 27746 | Shoals:2 | Killed Kirke
 27854 | Shoals:2 | Received a gift from Sif Muna
 27868 | Shoals:2 | Learned a level 2 spell: Throw Flame
 27873 | Shoals:2 | Learned a level 4 spell: Sticky Flame
 27913 | Shoals:2 | Found a radiant altar of Vehumet.
 27925 | Shoals:2 | Noticed a kraken
 27959 | Shoals:2 | Killed a kraken
 27959 | Shoals:2 | Reached skill level 13 in Spellcasting
 28485 | Shoals:2 | Reached XP level 16. HP: 88/88 MP: 33/33
 29240 | Shoals:3 | Noticed Roxanne
 29276 | Shoals:3 | Killed Roxanne
 29301 | Shoals:3 | Identified Roxanne's Catalogue of Transmutation (You took it off Roxanne on level 3 of the Shoals)
 29892 | Shoals:4 | Entered Level 4 of the Shoals
 30264 | Shoals:4 | Learned a level 4 spell: Iskenderun's Mystic Blast
 30900 | Shoals:4 | Noticed Ilsuiw
 31036 | Spider:1 | Entered Level 1 of the Spider Nest
 31098 | Lair:4   | Received a gift from Sif Muna
 31099 | Lair:4   | Identified Ocsagirr's Tome of Spatial Intoxication (Sif Muna gifted it to you on level 4 of the Lair of Beasts)
 31105 | Lair:4   | Learned a level 4 spell: Force Lance
 31175 | Spider:1 | Reached skill level 14 in Spellcasting
 31936 | Spider:2 | Noticed Agnes
 31947 | Spider:2 | Killed Agnes
 32039 | Spider:2 | Upgraded the game from 0.18-a0-1774-gce1f7b6 to 0.18-a0-1778-gadce9fa
 32111 | Spider:2 | Reached XP level 17. HP: 80/92 MP: 5/35
 33039 | Spider:3 | Received a gift from Sif Muna
 33040 | Spider:3 | Identified Sif Muna's Handbook of Cloudy Curses (Sif Muna gifted it to you on level 3 of the Spider Nest)
 33229 | Spider:3 | Reached skill level 15 in Spellcasting
 33476 | Spider:3 | Reached skill level 1 in Translocations
 33925 | Spider:3 | Got a pair of twisted gloves
 33936 | Spider:3 | Identified the +2 pair of gloves of Vlad {*Drain +Inv rPois Str+4 Dex+3} (You acquired it on level 3 of the Spider Nest)
 34569 | Spider:4 | Entered Level 4 of the Spider Nest
 35331 | Spider:4 | Noticed Nikola
 35359 | Spider:4 | Killed Nikola
 35922 | Spider:4 | Received a gift from Sif Muna
 35940 | Spider:4 | Reached skill level 16 in Spellcasting
 35970 | Spider:4 | Identified Sif Muna's Tome of Necromancy and Companions (Sif Muna gifted it to you on level 4 of the Spider Nest)
 36366 | Spider:3 | Reached XP level 18. HP: 85/98 MP: 12/38
 37387 | Spider:4 | Reached skill level 5 in Armour
 37527 | Spider:4 | Reached skill level 1 in Fire Magic
 37575 | Spider:4 | Got a gossamer rune of Zot
 38079 | Elf:1    | Entered Level 1 of the Elven Halls
 39092 | Elf:1    | Learned a level 3 spell: Dazzling Spray
 39196 | Elf:1    | Received a gift from Sif Muna
 39197 | Elf:1    | Identified Sif Muna's Grimoire of Blows and Bruises (Sif Muna gifted it to you on level 1 of the Elven Halls)
 39204 | Elf:1    | Learned a level 5 spell: Bolt of Draining
 39435 | Elf:1    | Reached skill level 5 in Necromancy
 40308 | Elf:2    | Found a huge runed gate.
 40308 | Elf:2    | Found a huge runed gate.
 40308 | Elf:2    | Found a huge runed gate.
 40357 | Elf:2    | Reached skill level 17 in Spellcasting
 40460 | Elf:2    | Got a crystal short sword
 40461 | Elf:2    | Identified the +5 short sword of Ragnarok {drain, Int+4} (You found it on level 2 of the Elven Halls)
 40619 | Elf:2    | Gained mutation: You are resistant to hostile enchantments. [potion of beneficial mutation]
 41186 | Elf:2    | Reached XP level 19. HP: 102/102 MP: 25/40
 42062 | Elf:2    | Received a gift from Sif Muna
 42065 | Elf:2    | Identified Cusum's Volume of Battle Magic and Lightness (Sif Muna gifted it to you on level 2 of the Elven Halls)
 42259 | Elf:2    | Reached skill level 10 in Invocations
 42596 | Elf:3    | Entered Level 3 of the Elven Halls
 42717 | Elf:3    | Found Uwkoeh's Antique Armour Shoppe.
 42721 | Elf:3    | Bought a glowing helmet for 94 gold pieces
 44212 | Shoals:4 | Slain by a merfolk impaler

Vault maps used:
D:1:      kilobyte_arrival_exit_the_forest, minmay_crystal_water,
          serial_bayou_pond_d, kennysheep_another_room, minmay_misc_feat_five,
          hangedman_decor_clover_reticule
D:2:      uniq_natasha
D:3:      first_bread, lemuel_flame_loot_1
D:4:      minivault_4, minmay_bad_closet
D:5:      minmay_temple_entry_poolview, serial_shops, nicolae_shop_waterfront,
          lemuel_statue_altar
D:6:      minmay_large_rounded_square, nrook_loot_triangle, uniq_sigmund
D:7:      the_bakery, evilmike_ruin_ashenzari
D:8:      led_sif_book, due_lair_maze_entry_diamond
D:9:      okawaru_altar_gauntlet_db, nemelex_deck, makhleb_blood_cavern_becter,
          overflow_temple_1_default, minitemple, erik_orc_1, minivault_16
Temple:   temple_eino_lava_8
Lair:1:   portal_ice_cave_entry_ice_beasts, grunt_forest_stairs_basic,
          uniq_joseph
Lair:2:   hibernation_bobbens, lemuel_fruit_tree, lemuel_fruit_fields
Lair:4:   spider_nest_entry_web_field, uniq_urug
Lair:5:   kennysheep_basilisk_garden
Lair:6:   elwin_shoals_entry_rocks, uniq_nessos
Lair:7:   grunt_megastairs_2, uniq_rupert, uniq_josephine
Lair:8:   grunt_lair_end_beastmaster, slime_altar_1, basic_altar
Shoals:1: st_sunken_huts
Shoals:2: wheals_shoals_ruined_temple, uniq_kirke
Shoals:3: hangedman_shoal_volcano, uniq_roxanne
Shoals:4: shoals_end_grunt_ice, shoals_ilsuiw_alternative,
          nicolae_shoals_isolated_beach
Spider:2: uniq_agnes
Spider:3: hangedman_spider_tarantella_strand
Spider:4: floodkiller_spider_rune_tomb, nicolae_spider_ant_collections,
          uniq_nikola
Orc:1:    basic_altar, uniq_maurice
Orc:2:    st_orc_town, basic_altar, serial_shops, nicolae_shop_behind_doors,
          hangedman_feature_mirror, uniq_snorg
Elf:1:    minmay_elf_arrival_plus, hangedman_elf_represent
Elf:3:    minmay_elf_hall_four_x, serial_shops, shop, shop
IceCv:    ice_cave_small_giant

Skill      XL: |  1  2  3  4  5  6  7  8  9 10 11 12 13 14 15 16 17 18 19 |
---------------+----------------------------------------------------------+-----
Conjurations   | 2 3 4 5 7 8 9 10 11 12 13 14 | 14.6
Dodging        | 2 3 |  3.0
Spellcasting   | 3 4 6 7 8 9 11 13 14 16 17 | 17.7
Poison Magic   | 5 6 7 8 |  8.9
Slings         | 1 2 4 5 7 8 9 |  9.4
Fighting       | 1 2 3 4 5 6 |  6.0
Maces & Flails | 2 3 4 5 6 |  6.4
Stealth        | 3 4 5 6 |  6.4
Armour         | 1 3 4 5 |  5.2
Air Magic      | 1 2 3 4 |  4.4
Earth Magic    | 2 5 7 8 10 11 12 13 14 | 14.2
Invocations    | 3 4 5 6 7 8 9 10 | 10.0
Shields        | 3 5 6 7 |  7.1
Ice Magic      | 1 2 |  2.6
Necromancy     | 2 3 4 5 |  5.4
Throwing       | 1 |  1.0
Evocations     | 1 |  1.1
Translocations | 1 2 3 |  3.0
Fire Magic     | 1 |  1.2
Charms         | |  0.1

Action                   |  1- 3 |  4- 6 |  7- 9 | 10-12 | 13-15 | 16-18 | 19-21 || total
-------------------------+-------+-------+-------+-------+-------+-------+-------++-------
Melee: Unarmed           |     4 |       |       |       |       |       |       ||     4
       Club              |     2 |       |       |       |       |       |       ||     2
       Whip              |    13 |    74 |    34 |       |       |       |       ||   121
       Morningstar       |       |       |   196 |   419 |    77 |       |       ||   692
       Morningstar       |       |       |       |       |   169 |   172 |    11 ||   352
 Fire: Hunting sling     |       |    30 |   140 |   400 |   202 |       |       ||   772
       Hunting sling     |       |       |       |       |   650 |  1141 |   270 ||  2061
Throw: Stone             |       |       |       |     6 |    61 |       |       ||    67
 Cast: Sting             |    56 |    97 |    64 |   170 |    71 |       |       ||   458
       Mephitic Cloud    |       |     5 |    17 |    67 |    21 |       |       ||   110
       Olgreb's Toxic Ra |       |       |     2 |    26 |    21 |       |       ||    49
       Sandblast         |       |       |       |    13 |       |       |       ||    13
       Apportation       |       |       |       |     6 |       |       |       ||     6
       Throw Frost       |       |       |       |    61 |    96 |       |       ||   157
       Throw Frost       |       |       |       |       |   110 |     3 |       ||   113
       Animate Skeleton  |       |       |       |       |    81 |    19 |     6 ||   106
       Mephitic Cloud    |       |       |       |       |   112 |   184 |    20 ||   316
       Olgreb's Toxic Ra |       |       |       |       |   104 |   121 |    12 ||   237
       Sting             |       |       |       |       |    22 |     7 |       ||    29
       Animate Dead      |       |       |       |       |    27 |    92 |     7 ||   126
       Lee's Rapid Decon |       |       |       |       |     2 |    15 |       ||    17
       Regeneration      |       |       |       |       |     1 |     5 |     1 ||     7
       Apportation       |       |       |       |       |     1 |     3 |       ||     4
       Passwall          |       |       |       |       |     1 |     3 |       ||     4
       Sandblast         |       |       |       |       |       |    26 |       ||    26
       Sticky Flame      |       |       |       |       |       |    40 |    13 ||    53
       Iskenderun's Myst |       |       |       |       |       |    23 |    15 ||    38
       Force Lance       |       |       |       |       |       |    51 |    41 ||    92
       Throw Flame       |       |       |       |       |       |     1 |       ||     1
       Bolt of Draining  |       |       |       |       |       |     5 |    10 ||    15
Invok: Channel Energy    |       |       |       |    83 |    38 |       |       ||   121
       Channel Energy    |       |       |       |       |   132 |   168 |    36 ||   336
 Abil: Fly               |       |       |       |       |     1 |       |       ||     1
       Stop Flying       |       |       |       |       |       |       |     2 ||     2
       Fly               |       |       |       |       |       |       |     1 ||     1
Evoke: Club              |       |       |       |     2 |     7 |       |       ||     9
       Wand              |       |       |       |       |     9 |     7 |     8 ||    24
       Stone of tremors  |       |       |       |       |     1 |     2 |     1 ||     4
       Phial of floods   |       |       |       |       |     1 |     2 |       ||     3
       Sack of spiders   |       |       |       |       |       |     4 |    11 ||    15
       Phantom mirror    |       |       |       |       |       |       |     1 ||     1
  Use: Scroll            |     1 |     4 |    12 |     7 |     7 |       |       ||    31
       Potion            |       |     2 |     3 |     2 |     1 |       |       ||     8
       Scroll            |       |       |       |       |     2 |    19 |    10 ||    31
       Potion            |       |       |       |       |       |     3 |     5 ||     8
 Stab: Sleeping          |       |       |     3 |     3 |       |       |       ||     6
       Confused          |       |       |     2 |    16 |     5 |       |       ||    23
       Confused          |       |       |       |       |     6 |     9 |       ||    15
       Distracted        |       |       |       |       |     3 |     2 |       ||     5
  Eat: Chunk             |     3 |    10 |    19 |    37 |    19 |       |       ||    88
       Pizza             |       |       |     1 |     2 |     1 |       |       ||     4
       Meat ration       |       |       |     1 |     1 |       |       |       ||     2
       Bread ration      |       |       |       |     5 |       |       |       ||     5
       Fruit             |       |       |       |     2 |       |       |       ||     2
       Chunk             |       |       |       |       |    51 |    55 |     9 ||   115
       Pizza             |       |       |       |       |       |     1 |     1 ||     2
       Meat ration       |       |       |       |       |       |     2 |     1 ||     3
       Beef jerky        |       |       |       |       |       |     1 |     1 ||     2
Armor: Robe              |    28 |    45 |    35 |       |       |       |       ||   108
       Leather armour    |       |       |   115 |   274 |    84 |       |       ||   473
       Leather armour    |       |       |       |       |   191 |   459 |   144 ||   794
Dodge: Dodged            |    29 |    55 |   157 |   285 |    77 |       |       ||   603
       Dodged            |       |       |       |       |   210 |   344 |   139 ||   693
Block: Buckler           |       |       |       |    37 |    65 |       |       ||   102
       Reflection        |       |       |       |       |    21 |    57 |     9 ||    87
       Buckler           |       |       |       |       |   147 |   299 |   106 ||   552
